 Dungeon Crawl Stone Soup version 0.24-a0-269-g32ec7ca (webtiles) character file.

Game seed: 1966160245435613482

38302 shukka the Thaumaturge (level 13, -13/105 HPs)
             Began as a Mummy Wizard on Apr 21, 2019.
             Was an Elder of Vehumet.
             Killed from afar by a fire giant (40 damage)
             ... with a fireball
             ... on level 15 of the Dungeon on Apr 22, 2019.
             The game lasted 04:52:28 (28499 turns).

shukka the Thaumaturge (Mummy Wizard)              Turns: 28499, Time: 04:52:29

Health: -13/105    AC:  8    Str: 18    XL:     13   Next: 63%
Magic:  30/30      EV: 13    Int: 26    God:    Vehumet [****..]
Gold:   1406       SH:  6    Dex:  8    Spells: 2/38 levels left

rFire    x . .     SeeInvis +   t - +7 trident of the Countless Moons {venom, rN+ Int+4}
rCold    + . .     Gourm    .   J - +2 buckler
rNeg     + + +     Faith    .   (no armour)
rPois    ∞         Spirit   .   n - +0 hat
rElec    .         Reflect  .   p - +0 cloak
rCorr    .         Harm     .   G - +1 pair of gloves {Str+3}
MR       ++...                  q - +4 pair of boots of Erhearryoj {Str+5 Dex-3}
Stlth    +.........             O - amulet of magic regeneration
HPRegen  0.27/turn              v - ring of protection from magic
MPRegen  0.47/turn              l - ring of see invisible

@: no status effects
A: no food or potions, fire vulnerability, cold resistance 1, negative energy
resistance 3, torment resistance, unbreathing, in touch with death 1
a: Renounce Religion


You were on level 15 of the Dungeon.
You worshipped Vehumet.
Vehumet was greatly pleased with you.
You were not hungry.

You visited 4 branches of the dungeon, and saw 20 of its levels.

You collected 1613 gold pieces.
You spent 207 gold pieces at shops.

Inventory:

Hand Weapons
 b - a +0 hunting sling
 t - the +7 trident of the Countless Moons (weapon) {venom, rN+ Int+4}
   (You found it on level 1 of the Lair of Beasts)

   It poisons the flesh of those it strikes.
   It affects your intelligence (+4).
   It protects you from negative energy.
 A - the +9 rapier "Ucaklala" {drain, rF+ rN+ MR+ Str+2}
   (You found it on level 9 of the Dungeon)

   A truly terrible weapon, it drains the life of those it strikes.
   It affects your strength (+2).
   It protects you from fire.
   It protects you from negative energy.
   It affects your resistance to hostile enchantments.
Missiles
 g - 3 throwing nets
 i - 47 poisoned needles
 s - 123 sling bullets
 w - 11 tomahawks
 D - 6 steel javelins (quivered)
 L - 5 javelins
Armour
 e - the +1 ring mail of Midnight {Dex+2}
   (You bought it in a shop on level 15 of the Dungeon)

   It affects your dexterity (+2).
 n - a +0 hat (worn)
 p - a +0 cloak (worn)
 q - the +4 pair of boots of Erhearryoj (worn) {Str+5 Dex-3}
   (You found it on level 1 of the Lair of Beasts)

   It affects your strength (+5).
   It affects your dexterity (-3).
 C - a +2 robe of fire resistance
 G - a +1 pair of gloves of strength (worn)
 J - a +2 buckler (worn)
Magical Staves
 a - an uncursed staff of power
 u - an uncursed staff of death
Jewellery
 d - an uncursed ring of stealth
 k - an uncursed ring of magical power
 l - a ring of see invisible (right hand)
 v - a ring of protection from magic (left hand)
 z - an uncursed ring of stealth
 N - an uncursed ring of resist corrosion
 O - an amulet of magic regeneration (around neck)
Wands
 m - a wand of iceblast (9)
 E - a wand of enslavement (9)
 F - a wand of disintegration (26)
 H - a wand of acid (16)
 I - a wand of flame (16)
Scrolls
 c - 3 scrolls of teleportation
 f - 11 scrolls of remove curse
 h - a scroll of summoning
 j - a scroll of fog
 o - 3 scrolls of fear
 r - 3 scrolls of enchant weapon
 x - 2 scrolls of silence
 y - 3 scrolls of immolation
 B - 8 scrolls of identify
 K - a scroll of magic mapping
 M - 2 scrolls of enchant armour


   Skills:
 + Level 10.9 Fighting
 - Level 3.2 Short Blades
 - Level 3.0 Polearms
 - Level 5.0 Armour
 - Level 4.0 Dodging
 - Level 1.5 Stealth
 - Level 4.4 Shields
 + Level 13.3 Spellcasting
 - Level 4.0 Conjurations
 * Level 8.6 Hexes
 - Level 1.1 Summonings
 - Level 4.5 Necromancy
 - Level 1.1 Translocations
 - Level 1.2 Transmutations
 - Level 4.3 Fire Magic
 - Level 3.4 Air Magic
 - Level 1.2 Earth Magic
 - Level 3.4 Poison Magic


You had 2 spell levels left.
You knew the following spells:

 Your Spells              Type           Power        Failure   Level  Hunger
a - Pain                  Necr           ####         1%          1    N/A
b - Call Imp              Summ           ###.....     3%          2    N/A
c - Blink                 Tloc           N/A          3%          2    N/A
d - Mephitic Cloud        Conj/Pois/Air  #####...     1%          3    N/A
e - Conjure Flame         Conj/Fire      #####...     1%          3    N/A
f - Fulminant Prism       Conj/Hex       ######....   1%          4    N/A
g - Passwall              Tmut/Erth      ###.....     3%          2    N/A
h - Apportation           Tloc           ###...       1%          1    N/A
i - Animate Dead          Necr           N/A          4%          4    N/A
j - Summon Butterflies    Summ           ###.....     1%          1    N/A
k - Throw Flame           Conj/Fire      #####.       1%          2    N/A
l - Fireball              Conj/Fire      #####.....   4%          5    N/A
m - Invisibility          Hex            ######..     14%         6    N/A

Your spell library contained the following spells:

 Spells                   Type           Power        Failure   Level  Hunger
 Animate Skeleton         Necr           N/A          1%          1    N/A
 Confusing Touch          Hex            ######       1%          1    N/A
 Magic Dart               Conj           ####         1%          1    N/A
 Sandblast                Erth           ###...       1%          1    N/A
 Summon Small Mammal      Summ           ###.         1%          1    N/A
 Searing Ray              Conj           #####.       1%          2    N/A
 Slow                     Hex            ######..     1%          2    N/A
 Infusion                 Chrm           ###.         3%          1    N/A
 Song of Slaying          Chrm           ###.....     4%          2    N/A
 Dazzling Spray           Conj/Hex       ######       1%          3    N/A
 Ignite Poison            Fire/Tmut/Pois ####....     1%          3    N/A
 Stone Arrow              Conj/Erth      ####..       1%          3    N/A
 Tukima's Dance           Hex            ######..     1%          3    N/A
 Vampiric Draining        Necr           ######....   1%          3    N/A
 Iskenderun's Mystic Bla  Conj           #####...     1%          4    N/A
 Force Lance              Conj/Tloc      ####....     3%          4    N/A
 Lesser Beckoning         Tloc           ###.......   6%          3    N/A
 Lee's Rapid Deconstruct  Erth           ###.......   14%         5    N/A
 Metabolic Englaciation   Hex/Ice        #####.....   16%         5    N/A
 Petrify                  Tmut/Erth      ###.....     19%         4    N/A
 Alistair's Intoxication  Tmut/Pois      ####....     34%         5    N/A
 Freezing Cloud           Conj/Ice/Air   ####......   41%         6    N/A
 Bolt of Cold             Conj/Ice       ####......   45%         6    N/A
 Ozocubu's Refrigeration  Ice            ###.......   73%         6    N/A
 Simulacrum               Ice/Necr       #####.....   89%         6    N/A
 Regeneration             Chrm/Necr      Unusable     N/A         3    N/A
 Ice Form                 Ice/Tmut       Unusable     N/A         4    N/A

Dungeon Overview and Level Annotations

Branches:
Dungeon (15/15)            Temple (1/1) D:5            Lair (2/6) D:10
    Orc (2/2) D:12         Vaults (0/5) D:13         Depths (0/5) D:15
  Swamp: Lair:2-4    Shoals: Lair:2-4     Snake: Lair:2-4    Spider: Lair:2-4
    Elf: Orc:2

Altars:
Ashenzari
Cheibriados
Dithmenos
Elyvilon
Fedhas
Gozag
Hepliaklqana
Kikubaaqudgha
Makhleb
Nemelex Xobeh
Okawaru
Qazlal
Ru
Sif Muna
Trog
Uskayaw
Vehumet
Wu Jian
Xom
Yredelemnul
Zin
The Shining One

Shops:
D:4 }   D:13 !   D:14 [   D:15 [   Orc:2 =

Annotations:
D:1 1 exclusion
D:5 exclusion: upstairs
D:9 exclusion: 2 downstairs
D:14 3 runed translucent doors, icantfindaname's ghost, journeyman GrEE
Orc:1 exclusion: downstairs


Innate Abilities, Weirdness & Mutations

You do not eat or drink.
Your flesh is vulnerable to fire.
You are immune to poison.
Your flesh is cold resistant. (rC+)
You are immune to negative energy. (rN+++)
You are immune to unholy pain and torment.
You can survive without breathing.
You are in touch with the powers of death.


Message History

As you read the scroll of fog, it crumbles to dust.
The scroll dissolves into smoke.
Press: ? - help, v - describe, . - travel The floor.
There is a cloud of purple smoke here.
The soldier ant twitches its antennae in your direction.
Casting: Animate Dead (safe; 4% risk of failure)
Confirm with . or Enter, or press ? or * to list all spells.
Aiming: Passwall (safe; 3% risk of failure)
Press: ? - help, Dir - move target cursor A rock wall.
Something hits your sky beast zombie!! Something burns your sky beast zombie!
Your sky beast zombie is destroyed!
You begin to meditate on the wall.
You continue meditating on the rock. x2
You block the soldier ant's attack.
You finish merging with the rock.
There is a stone staircase leading up here.
The fire giant gestures at you while chanting.
The fireball explodes!
The fireball engulfs you!!! The fire burns you terribly!
You die...

.#.....................#########.
.#.....................# #.
.#.....................#########.
##....C.....C....................
#.....#######'###################
#.###§#.............# #
#.###.#........a....# #
#§§§Z.#.............# #
#§§§..#.........@...# #
#§§§..########..####### #########
§########....#..#.....###.#......
§#..#...#....#..#..##.#...#.#####
§#..'...#....#..#..##.#...#.# #
.#..#...#..#.#..#.....#...#.#####
.#'######....####.....##..#......
.#..###.####...........#..##..#..
##.........#.###..##...#......#..


You could see a fire giant and a soldier ant.

Vanquished Creatures
  Snorg (D:10)
  Erolcha (D:12)
  Erica (Orc:1)
  2 centaur warriors
  2 catoblepae
  3 two-headed ogres
  A death knight (D:15)
  3 death yaks (D:10)
  3 tengu warriors (D:15)
  4 unseen horrors
  A wolf spider zombie (D:13)
  An orb spider (shapeshifter) (D:13)
  An orc sorcerer (Orc:1)
  3 cyclopes
  4 manticores
  4 ugly things
  Joseph (D:8)
  A centaur zombie (D:14)
  A guardian serpent (shapeshifter) (D:13)
  4 centaur skeletons
  2 gargoyles
  A spiny frog (Lair:1)
  2 komodo dragons
  3 kobold demonologists (D:12)
  A tengu conjurer (D:15)
  A harpy zombie (D:15)
  A troll (D:11)
  A harpy skeleton (D:15)
  A hornet (D:12)
  10 slime creatures (D:15)
  Prince Ribbit (D:8)
  2 meliai zombies
  6 hippogriffs
  2 vampires
  2 wyverns
  3 shadows
  A wraith (D:12)
  7 yaks
  Grum (D:10)
  A vampire mosquito (D:15)
  A hungry ghost (D:10)
  An acid dragon (D:12)
  6 water moccasins
  4 porcupines (D:10)
  5 orc warriors
  5 sky beasts
  2 wolves (D:10)
  4 ogres
  7 centaurs
  A crocodile (Lair:1)
  A big kobold (D:9)
  14 bullfrogs
  Blork the orc (D:4)
  2 gnoll sergeants (D:11)
  A wyvern zombie (D:10)
  2 wyvern skeletons (D:14)
  A scorpion (D:13)
  5 killer bees (D:10)
  3 wights (D:10)
  2 howler monkeys (D:14)
  3 crimson imps
  A bullfrog zombie (D:6)
  A quasit (D:11)
  2 hounds
  2 orc priests
  An iguana (D:7)
  5 orc wizards
  7 worker ants
  A statue (D:9)
  3 adders
  10 gnolls
  4 shadow imps
  An ooze (D:1)
  2 worms (D:3)
  An adder skeleton (D:4)
  4 dart slugs
  3 leopard geckos
  20 orcs
  3 giant cockroaches
  4 hobgoblins
  3 jackals (D:8)
  7 kobolds
  4 quokkas
  2 ball pythons (D:3)
  4 bats
  A frilled lizard (D:1)
  3 goblins
  A jackal skeleton (D:4)
  A quokka skeleton (D:4)
  2 rats
265 creatures vanquished.

Vanquished Creatures (collateral kills)
  A hydra (D:11)
  A two-headed ogre (D:11)
  A cyclops (D:11)
  A deep elf mage (D:14)
  Maurice (D:8)
  Psyche (D:8)
  2 centaur skeletons
  A spiny frog (Lair:1)
  A kobold demonologist (D:12)
  A troll (D:13)
  3 slime creatures
  A spriggan (shapeshifter) (D:13)
  2 yaks
  A hungry ghost (D:7)
  2 water moccasins (Lair:1)
  2 porcupines (Lair:1)
  2 ice beasts
  An eye of draining (D:10)
  A black bear (D:11)
  3 ogres
  2 crocodiles
  A bullfrog (D:7)
  A scorpion (D:5)
  4 crimson imps
  2 bullfrog zombies (D:10)
  A centaur zombie (D:8)
  A bullfrog skeleton (D:5)
  2 orc priests
  4 hounds
  2 orc wizards
  2 iguanas
  A worker ant (D:5)
  A hound skeleton (D:4)
  A worker ant zombie (D:11)
  5 gnolls
  10 adders
  A river rat (D:10)
  An ooze (D:4)
  An adder skeleton (D:8)
  A worm (D:3)
  3 leopard geckos
  19 orcs
  A giant cockroach (D:2)
  6 goblins
  4 hobgoblins
  3 jackals
  12 kobolds
  2 quokkas
  2 bats
  A frilled lizard (D:3)
  A giant cockroach zombie (D:5)
  A fungus (Lair:1)
128 creatures vanquished.

Vanquished Creatures (others)
  An iguana (D:11)
  A quokka (D:2)
  4 fulminant prisms (D:15)
  A fungus (Orc:2)
7 creatures vanquished.

Grand Total: 400 creatures vanquished

Notes
Turn   | Place    | Note
-------+----------+-------------------------------------------
     0 | D:1      | shukka the Mummy Wizard began the quest for the Orb.
     0 | D:1      | Reached XP level 1. HP: 13/13 MP: 5/5
   254 | D:1      | Reached skill level 1 in Conjurations
   333 | D:1      | Reached XP level 2. HP: 20/20 MP: 0/7
   370 | D:1      | Reached skill level 1 in Fighting
   374 | D:1      | Learned a level 2 spell: Call Imp
   377 | D:1      | Learned a level 2 spell: Blink
  1157 | D:2      | Reached skill level 1 in Summonings
  1157 | D:2      | Reached skill level 1 in Translocations
  1157 | D:2      | Reached XP level 3. HP: 14/26 MP: 3/8
  1540 | D:2      | Learned a level 3 spell: Mephitic Cloud
  1631 | D:2      | Found a white marble altar of Elyvilon.
  1768 | D:2      | Found a bloodstained altar of Trog.
  2236 | D:3      | Reached XP level 4. HP: 32/32 MP: 5/10
  2243 | D:3      | Learned a level 3 spell: Conjure Flame
  3251 | D:4      | Learned a level 1 spell: Pain
  3272 | D:4      | Found a basalt altar of Yredelemnul.
  3280 | D:4      | Found Sepigoan's Gadget Shop.
  3297 | D:4      | Noticed Blork the orc
  3317 | D:5      | Entered Level 5 of the Dungeon
  3329 | D:5      | Reached XP level 5. HP: 35/38 MP: 1/12
  3345 | D:5      | Reached skill level 1 in Air Magic
  3345 | D:5      | Reached skill level 1 in Poison Magic
  3443 | D:5      | Noticed an ogre
  3459 | D:5      | Killed an ogre
  3459 | D:5      | Reached skill level 5 in Spellcasting
  3459 | D:5      | Reached skill level 1 in Fire Magic
  3522 | D:5      | Found a staircase to the Ecumenical Temple.
  3523 | D:5      | Reached skill level 1 in Necromancy
  3534 | D:5      | Reached XP level 6. HP: 36/44 MP: 10/13
  3542 | Temple   | Entered the Ecumenical Temple
  4587 | D:5      | Found a deep blue altar of Sif Muna.
  5260 | D:6      | Found an opulent altar of Gozag.
  5275 | D:6      | Reached XP level 7. HP: 39/51 MP: 12/15
  6071 | D:7      | Found a shimmering altar of Xom.
  6072 | D:7      | Found a shimmering altar of Xom.
  6114 | D:8      | Noticed Maurice
  6126 | D:8      | Noticed Psyche
  6136 | D:8      | Noticed Joseph
  6163 | D:8      | Killed Joseph
  6365 | D:9      | Found an iron altar of Okawaru.
  6366 | D:9      | Reached skill level 6 in Spellcasting
  6396 | D:9      | Got a scorched rapier
  6399 | D:9      | Identified the +9 rapier "Ucaklala" {drain, rF+ rN+ MR+
                  | Str+2} (You found it on level 9 of the Dungeon)
  6441 | D:9      | Noticed a hippogriff
  6561 | D:8      | Noticed Prince Ribbit
  6799 | D:8      | Reached XP level 8. HP: 58/58 MP: 17/17
  7040 | D:9      | Noticed a two-headed ogre
  8071 | D:7      | Noticed a hippogriff
  8078 | D:7      | Killed a hippogriff
  8468 | D:4      | You fall through a shaft for 3 floors!
  8738 | D:4      | Killed Blork the orc
  8738 | D:4      | Reached XP level 9. HP: 66/66 MP: 4/19
  9125 | D:4      | Found a sparkling altar of Nemelex Xobeh.
  9572 | D:8      | Reached skill level 7 in Spellcasting
  9702 | D:8      | Killed Psyche
  9789 | D:8      | Learned a level 2 spell: Passwall
  9791 | D:8      | Learned a level 1 spell: Apportation
  9796 | D:8      | Learned a level 4 spell: Animate Dead
  9803 | D:8      | Learned a level 1 spell: Summon Butterflies
  9808 | D:8      | Learned a level 3 spell: Vampiric Draining
  9851 | D:8      | Identified Jyfitoj's Almanac of Viperous Augmentations
 10203 | D:8      | Killed Maurice
 10863 | D:9      | Found a stormy altar of Qazlal.
 11167 | D:9      | Reached skill level 5 in Fighting
 11167 | D:9      | Reached skill level 1 in Transmutations
 11167 | D:9      | Reached skill level 1 in Earth Magic
 11199 | D:9      | Found a radiant altar of Vehumet.
 11223 | D:9      | Became a worshipper of Vehumet
 11327 | D:10     | Entered Level 10 of the Dungeon
 11419 | D:9      | Killed a two-headed ogre
 11419 | D:9      | Reached skill level 8 in Spellcasting
 11735 | D:8      | Killed Prince Ribbit
 12148 | D:10     | Reached XP level 10. HP: 75/76 MP: 22/22
 12204 | D:10     | Noticed a death yak
 12208 | D:10     | Noticed a death yak
 12209 | D:10     | Noticed a death yak
 12213 | D:10     | Noticed Snorg
 12234 | D:10     | Killed a death yak
 12234 | D:10     | Reached skill level 9 in Spellcasting
 12236 | D:10     | Killed a death yak
 12414 | D:10     | Noticed Grum
 12473 | D:10     | Killed Grum
 12914 | D:10     | Killed a death yak
 13211 | D:10     | Reached * piety under Vehumet
 13211 | D:10     | Offered knowledge of Shock by Vehumet.
 13363 | D:10     | Found a staircase to the Lair.
 13440 | D:10     | Reached skill level 10 in Spellcasting
 13633 | Lair:1   | Entered Level 1 of the Lair of Beasts
 13641 | Lair:1   | Noticed a spiny frog
 13690 | Lair:1   | Got a pair of translucent boots
 13701 | Lair:1   | Identified the +4 pair of boots of Erhearryoj {Str+5 Dex-3}
                  | (You found it on level 1 of the Lair of Beasts)
 14034 | Lair:1   | Noticed a spiny frog
 14060 | Lair:1   | Killed a spiny frog
 14060 | Lair:1   | Reached XP level 11. HP: 85/85 MP: 25/25
 14093 | Lair:1   | Found the +8 glaive of the Guard {elec, +Rage AC+5 SInv}
 14310 | Lair:1   | Got a scorched trident
 14311 | Lair:1   | Identified the +7 trident of the Countless Moons {venom,
                  | rN+ Int+4} (You found it on level 1 of the Lair of Beasts)
 14609 | Lair:2   | Noticed a six-headed hydra
 14687 | Lair:2   | Noticed a seven-headed hydra
 15211 | D:10     | Killed Snorg
 15211 | D:10     | Reached skill level 1 in Polearms
 15525 | D:10     | Offered knowledge of Throw Flame by Vehumet.
 15529 | D:10     | Learned a level 2 spell: Throw Flame
 15705 | D:11     | Found a white marble altar of Elyvilon.
 15705 | D:11     | Noticed a four-headed hydra
 15764 | D:10     | Reached ** piety under Vehumet
 16481 | D:11     | Reached skill level 1 in Shields
 16790 | D:11     | Noticed a two-headed ogre
 16798 | D:11     | Killed a two-headed ogre
 16891 | D:11     | Killed a four-headed hydra
 16931 | D:11     | Noticed an unseen horror
 16960 | D:11     | Killed an unseen horror
 16960 | D:11     | Offered knowledge of Searing Ray by Vehumet.
 17272 | D:11     | Reached skill level 11 in Spellcasting
 17873 | D:11     | Learned a level 2 spell: Searing Ray
 18099 | D:11     | Reached skill level 5 in Armour
 18289 | D:11     | Learned a level 6 spell: Invisibility
 18326 | D:12     | Noticed Erolcha
 18477 | D:12     | Found a staircase to the Orcish Mines.
 18549 | D:12     | Found a white marble altar of Elyvilon.
 18694 | D:12     | Killed Erolcha
 18694 | D:12     | Reached *** piety under Vehumet
 18694 | D:12     | Reached skill level 1 in Hexes
 18694 | D:12     | Reached XP level 12. HP: 85/95 MP: 21/27
 19362 | Orc:1    | Entered Level 1 of the Orcish Mines
 19421 | Orc:1    | Noticed Erica
 19434 | Orc:1    | Killed Erica
 19622 | Orc:2    | Entered Level 2 of the Orcish Mines
 19622 | Orc:2    | Found Ogagen's Jewellery Emporium.
 19622 | Orc:2    | Noticed an orc high priest
 19622 | Orc:2    | Noticed an orc high priest
 20068 | D:13     | Found a gate to the Vaults.
 20123 | D:13     | Offered knowledge of Sticky Flame by Vehumet.
 20132 | D:13     | Reached skill level 1 in Short Blades
 20349 | D:13     | Found Ysholays's Distillery.
 20541 | D:13     | Noticed a centaur warrior
 20559 | D:13     | Killed a centaur warrior
 20559 | D:13     | Reached skill level 12 in Spellcasting
 20845 | D:13     | Reached skill level 5 in Hexes
 21733 | D:15     | Entered Level 15 of the Dungeon
 22027 | D:14     | Noticed a catoblepas
 22042 | D:14     | Killed a catoblepas
 22160 | D:14     | Found Weubejie's Armour Shoppe.
 22196 | D:14     | Reached skill level 10 in Fighting
 22483 | D:14     | Reached **** piety under Vehumet
 22487 | D:14     | Noticed a centaur warrior
 22957 | D:14     | Killed a centaur warrior
 23028 | D:14     | Gained mutation: You are in touch with the powers of death.
                  | [Mummy growth]
 23028 | D:14     | Reached XP level 13. HP: 71/103 MP: 27/29
 23424 | D:14     | Found a runed translucent gate.
 23424 | D:14     | Found a runed translucent gate.
 23424 | D:14     | Found a runed translucent gate.
 23424 | D:14     | Noticed icantfindaname's ghost (journeyman GrEE)
 24316 | D:15     | Offered knowledge of Fireball by Vehumet.
 24323 | D:15     | Learned a level 5 spell: Fireball
 25140 | D:15     | Found a staircase to the Depths.
 25148 | D:15     | Noticed a fire giant
 25195 | D:15     | Reached skill level 13 in Spellcasting
 26828 | D:15     | Learned a level 4 spell: Fulminant Prism
 28429 | D:15     | Found Noyngyzu's Antique Armour Shoppe.
 28434 | D:15     | Bought a brightly glowing ring mail for 207 gold pieces
 28455 | D:15     | Identified the +1 ring mail of Midnight {Dex+2} (You bought
                  | it in a shop on level 15 of the Dungeon)
 28499 | D:15     | Killed from afar by a fire giant

Levels and vault maps discovered:
D:1:      mushboom_english_gardens, layout_basic
D:2:      layout_rooms, elyvilon_altar_4, lemuel_round_altar, first_ration,
          dk_noncrumbling_2
D:3:      layout_basic
D:4:      layout_basic, yredelemnul_altar_generic, serial_shops, shop,
          nemelex_spade_bored_becter, uniq_blork_the_orc
D:5:      layout_layer_cave, old_standard_altar,
          minmay_temple_entry_proselytizer
D:6:      layout_loops_ring, nicolae_gozag_cash_rules_everything_around_me
D:7:      layout_loops_corners, xom_redecorated
D:8:      layout_basic, uniq_psyche, uniq_maurice, uniq_joseph,
          uniq_prince_ribbit1
D:9:      layout_cross, old_standard_altar, vehumet_statue, okawaru_trees_1,
          minivault_19
D:10:     layout_basic, dpeg_lair_monsters, uniq_snorg, uniq_grum
D:11:     layout_long_grid, grunt_ogre_cave, minmay_ruined_shrine
D:12:     layout_roguey, david_orc_2, basic_altar, uniq_erolcha
D:13:     layout_basic, david_vaults_2, serial_shops, nicolae_shop_behind_doors,
          chequers_serial_rivers_large_b
D:14:     layout_basic, ebering_ghost_rock_garden, minmay_misc_feat_hallway,
          serial_shops, shop_statue, kennysheep_generic_room_11
D:15:     grunt_enter_depths_giant_problem, layout_stronghold,
          hangedman_abyss_or_decor_passed, serial_shops,
          nicolae_shop_behind_doors, minmay_the_grid_square_5x5_3x3_mashed
          [minmay_the_grid_square_5x5_seven, minmay_the_grid_square_5x5_mess,
          minmay_the_grid_square_5x5_empty, minmay_the_grid_square_5x5_dogpile,
          minmay_the_grid_square_5x5_megaprize_hollow,
          minmay_the_grid_square_5x5_meh, minmay_the_grid_square_5x5_plus,
          minmay_the_grid_square_5x5_bridge,
          minmay_the_grid_square_5x5_checkered_statues]
Temple:   nicolae_temple_figure_eight
Lair:1:   layout_regular_city
Lair:2:   layout_loops_ring, chequers_serial_rivers_marsh
Orc:1:    layout_diamond_mine, uniq_erica, uniq_fannar
Orc:2:    grunt_orc_gardens, layout_caves, grunt_orc_garden, grunt_orc_garden,
          grunt_orc_garden, grunt_orc_garden, serial_shops,
          nicolae_shop_overgrown_old_shop, hangedman_minor_magic

Skill      XL: |  1  2  3  4  5  6  7  8  9 10 11 12 13 |
---------------+----------------------------------------+-----
Conjurations   | 1 2 3 4 |  4.0
Fighting       | 1 2 3 4 6 7 9 10 | 10.9
Summonings     | 1 |  1.1
Translocations | 1 |  1.1
Air Magic      | 1 2 3 |  3.4
Poison Magic   | 1 2 3 |  3.4
Spellcasting   | 5 6 8 10 11 12 13 | 13.3
Fire Magic     | 1 2 3 4 |  4.3
Necromancy     | 1 2 3 4 |  4.5
Transmutations | 1 |  1.2
Earth Magic    | 1 |  1.2
Armour         | 2 4 5 |  5.0
Dodging        | 3 4 |  4.0
Polearms       | 2 3 |  3.0
Shields        | 4 |  4.4
Hexes          | 1 6 8 |  8.6
Short Blades   | 2 3 |  3.2
Stealth        | |  1.5

Action                   |  1- 3 |  4- 6 |  7- 9 | 10-12 | 13-15 || total
-------------------------+-------+-------+-------+-------+-------++-------
Melee: Spear             |    28 |       |       |       |       ||    28
       Mace              |     1 |       |       |       |       ||     1
       Dagger            |     9 |     8 |     9 |       |       ||    26
       Trident           |     5 |    92 |   106 |   475 |    94 ||   772
       Rapier            |       |       |    73 |   128 |   109 ||   310
       Glaive            |       |       |       |    10 |       ||    10
 Fire: Hunting sling     |       |    23 |     1 |       |       ||    24
Throw: Tomahawk          |       |       |       |     2 |       ||     2
 Cast: Magic Dart        |    32 |     2 |       |       |       ||    34
       Call Imp          |    42 |    54 |    92 |   174 |    37 ||   399
       Blink             |       |     1 |     4 |    15 |    19 ||    39
       Mephitic Cloud    |       |     2 |    13 |    20 |       ||    35
       Pain              |       |     9 |    10 |       |       ||    19
       Conjure Flame     |       |     2 |    22 |   102 |    34 ||   160
       Vampiric Draining |       |       |     5 |       |       ||     5
       Animate Dead      |       |       |     2 |    41 |     8 ||    51
       Summon Butterflie |       |       |     2 |    32 |     1 ||    35
       Throw Flame       |       |       |       |    32 |       ||    32
       Searing Ray       |       |       |       |     4 |       ||     4
       Apportation       |       |       |       |     1 |       ||     1
       Fireball          |       |       |       |       |    15 ||    15
       Fulminant Prism   |       |       |       |       |     4 ||     4
       Passwall          |       |       |       |       |     1 ||     1
  Use: Scroll            |       |     2 |    14 |    15 |     7 ||    38
 Stab: Distracted        |       |     2 |     3 |     1 |       ||     6
       Sleeping          |       |       |     3 |     1 |       ||     4
       Confused          |       |       |     2 |     3 |       ||     5
Armor: Robe              |    13 |    19 |    28 |   171 |    87 ||   318
       Leather armour    |       |       |    10 |       |       ||    10
Dodge: Dodged            |    48 |    63 |   102 |   274 |   105 ||   592
Block: Buckler           |       |       |       |    71 |    81 ||   152

Table legend:
 A = Non-vault XP
 B = Vault XP
 C = Vault XP percentage of total XP
 D = Non-vault monster count
 E = Vault monster count
 F = Vault count percentage of total count
                 A         B        C        D         E       F
            +---------+---------+-------+---------+---------+-------
      Total |   38249 |   16469 |  30.1 |     337 |      56 |  14.2
            +---------+---------+-------+---------+---------+-------
        D:1 |      31 |       0 |   0.0 |      15 |       0 |   0.0
        D:2 |      44 |       0 |   0.0 |      22 |       0 |   0.0
        D:3 |      53 |       0 |   0.0 |      25 |       0 |   0.0
        D:4 |     205 |      78 |  27.6 |      26 |       1 |   3.7
        D:5 |     387 |      21 |   5.1 |      16 |       1 |   5.9
        D:6 |     187 |       0 |   0.0 |       7 |       0 |   0.0
        D:7 |    1009 |       0 |   0.0 |      14 |       0 |   0.0
        D:8 |     259 |    1399 |  84.4 |      20 |       4 |  16.7
        D:9 |    1784 |      32 |   1.8 |      19 |       1 |   5.0
       D:10 |    2824 |    4367 |  60.7 |      33 |      16 |  32.7
       D:11 |    2505 |    2691 |  51.8 |      29 |       9 |  23.7
       D:12 |    3307 |    1136 |  25.6 |      20 |       7 |  25.9
       D:13 |    5074 |    1057 |  17.2 |      17 |       3 |  15.0
       D:14 |    8246 |      28 |   0.3 |      28 |       1 |   3.4
       D:15 |    9491 |    4768 |  33.4 |      28 |      12 |  30.0
     Lair:1 |    2018 |       0 |   0.0 |      12 |       0 |   0.0
     Lair:2 |     147 |       0 |   0.0 |       1 |       0 |   0.0
      Orc:1 |     678 |     892 |  56.8 |       5 |       1 |  16.7
            +---------+---------+-------+---------+---------+-------
